AoeStats
← wxm

Arena

510533362Analyzed
1v1 RM · 1d ago on Oct 1, 2026· 83m 29s· 2 players
Game mode
Random Map
Map size
Tiny (2 player)
Population
200
Speed
Normal
Resources
Standard
Victory
Conquest
Starting age
Dark Age
Ending age
Imperial Age
RankedLock teamsTeams togetherTeam positionsShared explorationLock speedFull tech treeHidden civsTurbo modeCheats
Victory
Defeat
🇨🇳 Japanese · China
391
+9
🇪🇸 Burgundians · Spain
230
-9
wxm
9:06 Feudal Age
9:47 Horse Collar
10:08 Double-Bit Axe
13:38 Wheelbarrow
17:00 Man-at-Arms
19:11 Forging
19:04 Scale Mail Armor
21:43 Castle Age
19:48 Stone Mining
21:38 Gold Mining
22:42 Bow Saw
22:47 Heavy Plow
25:03 Gold Shaft Mining
25:12 Iron Casting
24:54 Chain Mail Armor
25:00 Squires
25:53 Hand Cart
29:25 Herbal Medicine
32:24 Masonry
31:54 Treadmill Crane
32:08 Fletching
36:16 Arson
36:53 Ballistics
36:25 Guard Tower
40:36 Imperial Age
37:52 Town Watch
37:53 Loom
38:37 Bodkin Arrow
38:58 Yasama
40:00 Husbandry
40:12 Bloodlines
40:32 Devotion
40:53 Sanctity
40:45 Fervor
41:40 Cavalier
41:45 Capped Ram
44:31 Blast Furnace
44:46 Kataparuto
45:03 Hoardings
47:00 Town Patrol
50:22 Chemistry
49:08 Arrowslits
50:00 Keep
49:36 Fortified Wall
49:22 Murder Holes
49:32 Siege Engineers
49:25 Onager
49:36 Elite Samurai
52:32 Theocracy
52:25 Illumination
54:49 Pikeman
56:30 Halberdier
71:03 Gambesons
71:55 Block Printing
73:35 Heavy Cavalry Archer
74:42 Parthian Tactics
83:37 Plate Mail Armor
83:08 Bracer
83:09 Padded Archer Armor
sntsalgado
1:18 Wheelbarrow
13:39 Feudal Age
12:26 Horse Collar
13:43 Double-Bit Axe
14:37 Bow Saw
14:59 Heavy Plow
16:07 Hand Cart
18:30 Hand Cart
21:37 Castle Age
19:39 Gold Mining
19:54 Stone Mining
23:08 Stone Shaft Mining
22:46 Elite Skirmisher
24:25 Gold Shaft Mining
33:17 Imperial Age
31:34 Crop Rotation
31:48 Ballistics
31:23 Fletching
33:29 Fortified Wall
33:30 Masonry
34:27 Two-Man Saw
33:12 Treadmill Crane
33:41 Scale Barding Armor
33:48 Forging
33:36 Bodkin Arrow
33:41 Town Watch
34:08 Burgundian Vineyards
35:00 Murder Holes
35:29 Chain Barding Armor
36:46 Iron Casting
38:11 Plate Barding Armor
37:37 Bracer
37:25 Arrowslits
38:11 Architecture
39:29 Chemistry
38:45 Town Patrol
39:13 Guilds
40:20 Blast Furnace
40:01 Hoardings
41:32 Conscription
41:52 Elite Coustillier
48:35 Padded Archer Armor
50:28 Husbandry
49:48 Cavalier
67:36 Paladin
68:59 Leather Archer Armor
Connection lost

Rejoining the realm…

Still unreachable

The connection could not be restored.

Session expired

The server has moved on; the page needs a fresh start.